 Dungeon Crawl Stone Soup version 0.29-a0-1008-g949cc1d0fb (webtiles) character file.

Game seed: 2675770394138063500

1909807 Sergey the Cryomancer (level 26, 172/172 HPs)
             Began as a Gargoyle Hedge Wizard on Aug 7, 2022.
             Was an Elder of Sif Muna.
             Escaped with the Orb
             ... and 4 runes!
             The game lasted 03:41:43 (93767 turns).

Sergey the Cryomancer (Gargoyle Hedge Wizard)      Turns: 93767, Time: 03:41:43

Health: 172/172    AC: 52    Str: 18    XL:     26   Next: 68%
Magic:  43/43      EV: 17    Int: 35    God:    Sif Muna [****..]
Gold:   6750       SH:  9    Dex: 10    Spells: 7/57 levels left

rFire   + . .      SeeInvis .   w - +14 lance "Wyrmbane" {slay drac, rPois rF+ rC+ AC+3}
rCold   + + .      Faith    .   O - +3 buckler {AC+3}
rNeg    + . .      Spirit   .   f - quicksilver dragon scales
rPois   ∞          Reflect  .   Q - +2 helmet {Int+3}
rElec   +          Harm     .   X - +1 cloak of Starlight {*Dazzle EV+4 Stlth--}
rCorr   +          Rampage  .   J - +2 pair of gloves {Dex+3}
Will    ++...                   L - +2 pair of boots
Stlth   ..........              S - amulet of regeneration
HPRegen 1.18/turn               z - ring "Wynlifoh" {*Slow rPois rC+ rCorr Int+3}
MPRegen 0.28/turn               R - +6 ring of intelligence

@: flying, studying Necromancy
A: sickness immunity, AC +20, big wings, negative energy resistance 1,
electricity resistance, torment resistance 1, petrification resistance,
iridescent scales 1, clumsy 1, deformed body, wild magic 1
0: Orb of Zot
}: 4/15 runes: decaying, slimy, silver, gossamer
a: Renounce Religion, Channel Magic, Forget Spell, Divine Exegesis


You escaped.
You worshipped Sif Muna.
Sif Muna was greatly pleased with you.
You visited 11 branches of the dungeon, and saw 53 of its levels.
You visited the Abyss 1 time.
You visited 1 bazaar.
You also visited: Sewer, Ossuary, Gauntlet, Ice Cave and Wizlab.

You collected 9849 gold pieces.
You spent 3099 gold pieces at shops.

Inventory:

Hand Weapons
 w - the +14 lance "Wyrmbane" (weapon) {slay drac, rPois rF+ rC+ AC+3}
   (You found it on level 5 of the Vaults)

   It inflicts extra damage against dragons and draconians.
   AC:        It affects your AC (+3).
   rF:        It protects you from fire.
   rC:        It protects you from cold.
   rPois:     It protects you from poison.
Armour
 b - a +2 robe of resistance
 f - quicksilver dragon scales (worn)
 J - a +2 pair of gloves of dexterity (worn)
 L - a +2 pair of boots (worn)
 O - a +3 buckler of protection (worn)
 Q - a +2 helmet of intelligence (worn)
 X - the +1 cloak of Starlight (worn) {*Dazzle EV+4 Stlth--}
   (You found it on level 5 of the Vaults)

   It may blind those who miss an attack against the wearer in melee combat.
   EV:        It affects your evasion (+4).
   Stlth:     It makes you much less stealthy.
Magical Staves
 q - a staff of cold {rC+ !a}
Jewellery
 l - a ring of see invisible
 z - the ring "Wynlifoh" (left hand) {*Slow rPois rC+ rCorr Int+3}
   (You took it off an ironbound convoker on level 5 of the Vaults)

   [ring of resist corrosion]

   Int:       It affects your intelligence (+3).
   rC:        It protects you from cold.
   rPois:     It protects you from poison.
   rCorr:     It protects you from acid and corrosion.
   *Slow:     It may slow you when you take damage.
 B - a ring of resist corrosion
 K - a ring of protection from fire
 R - a +6 ring of intelligence (right hand)
 S - an amulet of regeneration (around neck)
 W - the ring "Sukk" {Ice rCorr Dex+2}
   (You found it on level 2 of the Depths)

   [ring of ice]

   It enhances your ice magic.
   Dex:       It affects your dexterity (+2).
   rF:        It makes you vulnerable to fire.
   rC:        It protects you from cold.
   rCorr:     It protects you from acid and corrosion.
Wands
 h - a wand of paralysis (44)
 i - a wand of iceblast (17)
 s - a wand of flame (15)
 u - a wand of mindburst (43)
 v - a wand of digging (24)
 C - a wand of polymorph (14)
Scrolls
 a - 4 scrolls of silence {!r}
 c - 6 scrolls of magic mapping {@r5}
 d - a scroll of summoning {!r}
 e - 7 scrolls of poison
 j - 2 scrolls of torment
 k - 7 scrolls of fog {@r2}
 m - 5 scrolls of enchant weapon
 t - 24 scrolls of teleportation {@r3}
 y - 5 scrolls of immolation
 E - 4 scrolls of amnesia
 M - 3 scrolls of enchant armour
 N - 3 scrolls of blinking {@r4}
 Y - 8 scrolls of vulnerability {!r}
 Z - 3 scrolls of fear
Potions
 g - a potion of cancellation
 n - 18 potions of curing {@q2}
 p - 9 potions of mutation
 r - 4 potions of brilliance
 x - 2 potions of invisibility
 D - 4 potions of haste {@q5}
 F - 6 potions of heal wounds {@q1}
 G - 9 potions of attraction
 H - 7 potions of lignification
 I - 6 potions of ambrosia
 T - 7 potions of might {@q3}
 U - 9 potions of magic
Miscellaneous
 o - a box of beasts
 A - a phial of floods
 P - a lightning rod (4/4)
 V - a condenser vane


   Skills:
 + Level 19.5 Fighting
 - Level 8.9 Maces & Flails
 - Level 8.0 Polearms
 - Level 15.0 Armour
 - Level 8.0 Dodging
 - Level 2.1 Stealth
 - Level 9.0 Shields
 - Level 16.0 Spellcasting
 - Level 12.0 Conjurations
 - Level 3.0 Summonings
 - Level 3.0 Translocations
 - Level 6.0 Transmutations
 - Level 3.0 Fire Magic
 - Level 26.0 Ice Magic
 - Level 8.0 Air Magic
 - Level 12.0 Earth Magic
 - Level 3.0 Poison Magic
 - Level 15.0 Invocations
 - Level 8.0 Evocations


You had 7 spell levels left.
You knew the following spells:

 Your Spells              Type           Power      Damage    Failure   Level
a - Stone Arrow           Conj/Erth      100%       3d13      1%          3
b - Mephitic Cloud        Conj/Pois/Air  82%        N/A       1%          3
c - Ozocubu's Armour      Ice            100%       N/A       1%          3
d - Lee's Rapid Deconstr  Erth           49%        3d24*     1%          5
e - Blink                 Tloc           100%       N/A       2%          2
f - Freezing Cloud        Conj/Ice/Air   54%        6-21      1%          5
g - Call Imp              Summ           59%        N/A       2%          2
o - Ozocubu's Refrigerat  Ice            67%        4d22      1%          7
p - Polar Vortex          Ice            67%        N/A       10%         9
r - Irradiate             Conj/Tmut      43%        3d26      3%          5
z - Iron Shot             Conj/Erth      49%        9d9       4%          6

Your spell library contained the following spells:

 Spells                   Type           Power      Damage    Failure   Level
 Apportation              Tloc           100%       N/A       1%          1
 Beastly Appendage        Tmut           100%       N/A       1%          1
 Foxfire                  Conj/Fire      100%       2x1d9     1%          1
 Freeze                   Ice            100%       1d11      1%          1
 Magic Dart               Conj           100%       1d8       1%          1
 Sandblast                Erth           100%       2d20      1%          1
 Shock                    Conj/Air       100%       1d9       1%          1
 Sting                    Tmut/Pois      100%       1d8       1%          1
 Summon Small Mammal      Summ           100%       N/A       1%          1
 Ensorcelled Hibernation  Hex/Ice        100%       N/A       1%          2
 Passwall                 Tmut/Erth      72%        N/A       1%          2
 Poisonous Vapours        Pois/Air       100%       N/A       1%          2
 Searing Ray              Conj           100%       2d8       1%          2
 Static Discharge         Conj/Air       91%        3-15/arc  1%          2
 Wereblood                Tmut           74%        N/A       1%          2
 Conjure Flame            Conj/Fire      81%        6-21      1%          3
 Dazzling Flash           Conj/Hex       100%       N/A       1%          3
 Frozen Ramparts          Ice            100%       1d16      1%          3
 Swiftness                Air            83%        N/A       1%          3
 Airstrike                Air            41%        2d(6-22)  1%          4
 Hailstorm                Conj/Ice       100%       3d20      1%          4
 Ice Form                 Ice/Tmut       100%       N/A       1%          4
 Petrify                  Tmut/Erth      87%        N/A       1%          4
 Summon Ice Beast         Ice/Summ       100%       N/A       1%          4
 Iskenderun's Battlesphe  Conj           98%        2d14      1%          5
 Metabolic Englaciation   Hex/Ice        50%        N/A       1%          5
 Scorch                   Fire           100%       2d10      2%          2
 Spider Form              Tmut/Pois      67%        N/A       2%          3
 Animate Armour           Summ/Erth      100%       N/A       2%          4
 Flame Wave               Conj/Fire      81%        2d18      2%          4
 Iskenderun's Mystic Bla  Conj/Tloc      81%        2d16      2%          4
 Sticky Flame             Conj/Fire      81%        2d9       2%          4
 Lightning Bolt           Conj/Air       45%        1d65      2%          5
 Fulminant Prism          Conj/Hex       37%        3d18      3%          4
 Leda's Liquefaction      Hex/Erth       37%        N/A       3%          4
 Simulacrum               Ice/Necr       50%        N/A       3%          6
 Necrotise                Necr           100%       1d9       4%          1
 Slow                     Hex            100%       N/A       4%          1
 Call Canine Familiar     Summ           59%        N/A       4%          3
 Gell's Gravitas          Tloc           59%        N/A       4%          3
 Lesser Beckoning         Tloc           59%        N/A       4%          3
 Teleport Other           Tloc           59%        N/A       4%          3
 Summon Lightning Spire   Summ/Air       72%        N/A       4%          4
 Fireball                 Conj/Fire      40%        3d16      5%          5
 Corpse Rot               Necr/Pois/Air  62%        N/A       9%          4
 Blade Hands              Tmut           37%        N/A       10%         5
 Borgnjor's Vile Clutch   Necr/Erth      37%        N/A       10%         5
 Conjure Ball Lightning   Conj/Air       45%        3x3d16    10%         6
 Olgreb's Toxic Radiance  Pois           59%        N/A       11%         4
 Passage of Golubria      Tloc           59%        N/A       11%         4
 Confusing Touch          Hex            36%        N/A       12%         3
 Tukima's Dance           Hex            36%        N/A       12%         3
 Alistair's Intoxication  Tmut/Pois      44%        N/A       16%         5
 Silence                  Hex/Air        32%        N/A       19%         5
 Orb of Destruction       Conj           49%        9d13      22%         7
 Starburst                Conj/Fire      40%        6d12      24%         6
 Summon Forest            Summ/Tloc      29%        N/A       28%         5
 Yara's Violent Unravell  Hex/Tmut       29%        3d12      28%         5
 Anguish                  Hex/Necr       18%        N/A       32%         4
 Animate Dead             Necr           36%        N/A       32%         4
 Summon Mana Viper        Hex/Summ       50%        N/A       45%         5
 Eringya's Noxious Bog    Tmut/Pois      33%        N/A       61%         6
 Agony                    Necr           36%        N/A       65%         5
 Spellforged Servitor     Conj/Summ      40%        N/A       75%         7
 Dispersal                Tloc           29%        N/A       80%         6
 Storm Form               Tmut/Air       39%        N/A       82%         7
 Dragon Form              Tmut           37%        N/A       91%         7
 Enfeeble                 Hex            18%        N/A       100%        7
 Monstrous Menagerie      Summ           29%        N/A       100%        7
 Summon Hydra             Summ           29%        N/A       100%        7
 Lehudib's Crystal Spear  Conj/Erth      49%        10d12     82%         8
 Discord                  Hex            18%        N/A       100%        8
 Disjunction              Tloc           29%        N/A       100%        8
 Ignition                 Fire           29%        3d9       100%        8
 Infestation              Necr           18%        N/A       100%        8
 Maxwell's Capacitive Co  Air            41%        ∞         100%        8
 Chain Lightning          Conj/Air       45%        3d60      100%        9
 Dragon's Call            Summ           29%        N/A       100%        9
 Fire Storm               Conj/Fire      40%        8d10      100%        9
 Shatter                  Erth           49%        3d37*     100%        9


Dungeon Overview and Level Annotations

Branches:
Dungeon (15/15)            Temple (1/1) D:5            Lair (5/5) D:10
  Swamp (4/4) Lair:2       Spider (4/4) Lair:3        Slime (5/5) Lair:5
    Orc (2/2) D:12            Elf (3/3) Orc:2        Vaults (5/5) D:14
  Crypt (0/3) Vaults:3     Depths (4/4) D:15            Zot (5/5) Depths:4
  Sewer (visited)         Ossuary (visited)           IceCv (visited)
 WizLab (visited)         Gauntlet (visited)

Altars:
Ashenzari
Cheibriados
Dithmenos
Elyvilon
Fedhas
Gozag
Hepliaklqana
Kikubaaqudgha
Makhleb
Nemelex Xobeh
Okawaru
Qazlal
Ru
Sif Muna
Trog
Uskayaw
Vehumet
Wu Jian
Xom
Yredelemnul
Zin
The Shining One
Jiyva

Shops:
D:6 ?   Orc:2 (?[:   Elf:3 [   Vaults:4 :?(   Depths:3 [

Portals:
Hell: Depths:1 Depths:2 Depths:3 Depths:4
Abyss: Depths:3
Pandemonium: Depths:1 Depths:2 Depths:3
Ziggurat: Depths:1
Trove: D:11 (give +3 shadow dragon scales)

Annotations:
D:1 exclusion: door
D:2 1 runed translucent door, Crazy Yiuf
D:4 exclusions: 2 downstairs and 5 more exclusions
D:6 7 exclusions
D:8 Erica
D:10 exclusions: downstairs and ice statue
D:13 1 runed translucent door, exclusions: downstairs and orange crystal statue
D:14 Jorgrun
Lair:1 exclusion: downstairs
Lair:4 exclusion: downstairs
Swamp:3 exclusion: downstairs
Swamp:4 Roxanne
Spider:2 1 runed translucent door, Ofeolo's ghost, adept VSAM
Spider:3 exclusion: downstairs
Orc:1 exclusion: downstairs
Elf:1 2 transporters, 6 runed translucent doors, Nuiffe Xitzo's ghost, journeyman DrEE
Elf:2 3 runed translucent doors
Vaults:4 3 transporters
Depths:2 exclusion: downstairs
Zot:1 1 transporter


Innate Abilities, Weirdness & Mutations

You are immune to sickness and miasma.
Your stone body is resilient. (AC +20)
You are immune to poison.
Your large and strong wings let you fly.
You resist negative energy. (rN+)
You are resistant to electric shocks. (rElec)
You are resistant to unholy torment.
You are immune to petrification.
You are partially covered in iridescent scales. (AC +2)
You are clumsy. (Dex -2)
Armour fits poorly on your strangely shaped body.
Your spells are a little harder to cast, but a little more powerful.


Message History

There is a stone staircase leading up here.
The winds around you start to calm down.
You fly upwards.
Level annotation: 7 exclusions
There is a stone staircase leading down here.
(D) Dungeon (T) Temple (L) Lair (S) Swamp (N) Spider Nest (M) Slime Pits (O) Orcish Mines (E) Elven Halls (V) Vaults (C) Crypt (U) Depths (H) Hell (Z) Zot
Where to? (Enter - D:1 @ (x,y), ? - help)
The winds around you calm down.
An Ice Fiend comes into view.
The Ice Fiend moves out of view.
There is an open door here.
There is a stone staircase leading up here.
You fly upwards.
There is a stone staircase leading down here.
(D) Dungeon (T) Temple (L) Lair (S) Swamp (N) Spider Nest (M) Slime Pits (O) Orcish Mines (E) Elven Halls (V) Vaults (C) Crypt (U) Depths (H) Hell (Z) Zot
Where to? (Enter - D:1 @ (x,y), ? - help)
There is a stone staircase leading up here.
You fly upwards.
Level annotation: exclusions: 2 downstairs and 5 more exclusions
There is a stone staircase leading down here.
There is a stone staircase leading up here.
You fly upwards.
There is a stone staircase leading down here.
Magic restored.
There is a stone staircase leading up here.
You fly upwards.
Level annotation: 1 runed translucent door, Crazy Yiuf
There is a stone staircase leading down here.
There is a stone staircase leading up here.
You fly upwards.
Level annotation: exclusion: door
There is a stone staircase leading down here.
There is a staircase leading out of the dungeon here.
You have escaped!

.#.........# #.#
##.#######.# #.#
.......# #.###.#
#...##.# #...#.#
#...##.#####.#.#
#...##.......#.##
#...#####.......#
....#####.♣♣♣♣♣.♣♣♣
##........♣......@♣
...#######♣.PPPPP.♣
#### ♣.P~~≈P.♣
♣.P~8~P.♣ ♣.P~≈≈P.♣


♣.PPPPP.♣ ♣.......♣ ♣♣♣♣♣♣♣♣♣ There were no monsters in sight!

Vanquished Creatures
  the Royal Jelly (Slime:5)
  3 dread liches
  2 orbs of fire (Zot:5)
  2 ancient liches (Zot:5)
  Boris (twice) (Depths:2 Depths:4)
  7 Killer Klowns (Zot:5)
  Frederick (Depths:4)
  6 golden dragons
  the Enchantress (Depths:3)
  Arachne (Spider:2)
  2 electric golems (Zot:5)
  Zenata (Vaults:1)
  A deep elf blademaster (Elf:3)
  8 tentacled monstrosities
  The ghost of ZodNigurash the Gelid, an adept GrEE of Vehumet (Elf:2)
  2 liches (Vaults:5)
  2 deep elf master archers (Elf:3)
  28 Orb Guardians
  21 acid blobs
  5 quicksilver dragons
  5 titans (Vaults:5)
  6 sphinxes
  3 thorn hunters
  8 death cobs
  7 tengu reavers
  Kirke (D:14)
  6 storm dragons
  The ghost of sastreii the Warrior, an adept VSFi of Gozag (Elf:2)
  4 draconian monks
  15 rockslimes
  Donald (Vaults:3)
  3 shadow dragons
  A daeva (Depths:2)
  12 azure jellies
  8 deep elf sorcerers
  4 fire giants
  3 orc warlords
  Louise (Swamp:4)
  4 frost giants
  An iron dragon (Vaults:5)
  16 vault wardens
  2 balrugs
  Aizul (Swamp:3)
  A caustic shrike zombie (Depths:2)
  8 emperor scorpions
  2 draconian scorchers (Zot:5)
  5 deep elf elementalists (Elf:3)
  A draconian annihilator (Zot:5)
  An angel (Depths:2)
  13 ironbound preservers
  7 ghost moths
  13 stone giants
  10 quicksilver oozes
  A juggernaut zombie (Depths:1)
  5 spriggan defenders (Depths:3)
  5 war gargoyles
  26 very ugly things
  4 green draconians
  10 ironbound thunderhulks
  A quicksilver ooze (shapeshifter) (Vaults:4)
  2 eleionomae (Swamp:4)
  A juggernaut skeleton (Depths:2)
  Azrael (D:12)
  2 bunyips
  2 yellow draconians
  A purple draconian (Depths:4)
  5 black draconians
  14 deep elf demonologists
  8 entropy weavers
  A minotaur (Gauntlet)
  3 white draconians
  9 deep elf annihilators
  2 spark wasps
  9 dire elephants
  A spark wasp (shapeshifter) (Vaults:5)
  3 red draconians
  8 ettins
  A green death (D:7)
  A blizzard demon (Depths:2)
  A merfolk javelineer (Depths:1)
  Josephine (D:13)
  10 deep elf death magi
  7 fire dragons
  A spriggan zombie (Depths:3)
  15 great orbs of eyes
  14 yaktaur captains
  8 ice dragons
  2 shambling mangroves (Swamp:4)
  39 vault guards
  2 peacekeepers (Vaults:2)
  A boulder beetle (shapeshifter) (Vaults:5)
  Erolcha (D:11)
  25 hydras
  2 ogre magi (D:15)
  7 deep elf high priests
  7 ironbound frosthearts
  3 catoblepae
  A ghost crab (Swamp:1)
  4 rakshasas (Depths:2)
  13 boulder beetles
  4 spriggan air magi
  7 alligators
  2 radroaches
  11 dancing weapons
  5 deep troll shamans
  A jorogumo (shapeshifter) (Vaults:5)
  18 two-headed ogres
  8 centaur warriors
  11 tengu warriors
  A thrashing horror (Abyss:2)
  Urug (Lair:3)
  A hell hog (Depths:4)
  14 deep troll earth magi
  6 orc high priests
  A shock serpent (shapeshifter) (Vaults:5)
  A soul eater (Depths:2)
  5 spriggan berserkers
  11 spriggans
  5 sun demons
  A fire crab (shapeshifter) (Elf:1)
  10 deep elf knights
  Nergalle (D:12)
  2 hell knights (Depths:2)
  7 skeletal warriors
  6 pharaoh ants
  A titan skeleton (Depths:3)
  A sun moth (Spider:4)
  9 iron trolls
  3 glowing orange brains
  A storm dragon skeleton (Vaults:4)
  A spark wasp zombie (Depths:3)
  3 spriggan druids
  4 goliath frogs
  7 phantasmal warriors
  3 cherubim (Depths:2)
  46 deep trolls
  5 bog bodies
  7 swamp dragons
  23 deep elf archers
  8 wizards
  9 steelbarb worms
  A flayed ghost (Depths:2)
  16 ironbound convokers
  4 orb spiders
  Pikel (D:5)
  An orange crystal statue (Zot:5)
  8 orc knights
  4 harpies (Vaults:3)
  14 lindwurms
  26 wolf spiders
  6 necromancers
  33 deep elf pyromancers
  34 ugly things
  16 deep elf zephyrmancers
  6 oklob plants
  11 shining eyes
  5 orc sorcerers
  5 cyclopes
  9 manticores
  6 will-o-the-wisps
  A fire giant zombie (Depths:1)
  An elephant (shapeshifter) (D:14)
  12 moths of wrath
  A smoke demon (Abyss:2)
  An ice statue (IceCv)
  12 black mambas
  18 vault sentinels
  9 torpor snails
  A guardian serpent (Lair:5)
  An apocalypse crab (Abyss:2)
  13 cane toads
  2 hellions
  2 gargoyles (D:14)
  An unseen horror (D:10)
  Maggie (D:8)
  5 rime drakes
  3 kobold demonologists (D:14)
  5 efreet
  12 komodo dragons
  7 demonic crawlers
  30 yaktaurs
  13 ice devils (IceCv)
  2 anaconda simulacra (IceCv)
  7 tengu conjurers
  7 freezing wraiths
  A hydra zombie (Swamp:2)
  An ancient zyme (Abyss:2)
  6 bloated husks
  14 meliai
  4 trolls
  12 tyrant leeches
  A wolf spider simulacrum (D:15)
  26 tarantellas
  A hornet (shapeshifter) (D:15)
  8 polar bears
  11 hornets
  A sphinx simulacrum (Depths:3)
  4 raiju
  95 slime creatures
  17 blink frogs
  3 large abominations (Abyss:2)
  A snapping turtle (shapeshifter) (Vaults:5)
  18 jumping spiders
  A centaur simulacrum (D:14)
  2 shadows
  An air elemental (Elf:1)
  2 dire elephant simulacra (IceCv)
  9 culicivoras
  6 wraiths
  A ynoxinul (Depths:2)
  25 wyverns
  A starcursed mass (Abyss:2)
  36 yaks
  7 basilisks
  9 fire elementals
  3 hogs (D:14)
  10 water elementals
  58 redbacks
  A chaos spawn (Depths:2)
  7 golden eyes
  4 steam dragons
  Menkaure (D:5)
  3 death yak simulacra (IceCv)
  26 vampire mosquitoes
  2 harpy simulacra (IceCv)
  21 swamp worms
  An acid dragon (D:12)
  10 wargs
  2 glowing shapeshifter zombies
  16 water moccasins
  20 hell hounds
  3 floating eyes
  A glowing shapeshifter skeleton (Vaults:4)
  19 orc warriors
  A sky beast (D:7)
  16 black bears
  11 swamp drakes
  9 ogres
  A wolf (shapeshifter) (Vaults:5)
  28 wolves
  14 centaurs
  A lemure (D:5)
  4 kobold brigands
  Blork the orc (D:5)
  2 elf zombies (Ossuary)
  9 bullfrogs
  3 small abominations (Abyss:2)
  4 scorpions
  3 earth elementals (Elf:2)
  A necrophage (D:7)
  A two-headed ogre simulacrum (IceCv)
  6 cane toad simulacra (IceCv)
  A glowing shapeshifter simulacrum (Depths:3)
  7 wights
  15 killer bees
  An elephant simulacrum (IceCv)
  A human simulacrum (Vaults:4)
  A howler monkey (D:9)
  5 electric eels
  2 centaur zombies (Ossuary)
  3 iron imps (D:3)
  3 jellies
  A human zombie (Ossuary)
  42 orc priests
  A gnoll bouda (Orc:1)
  Jessica (D:2)
  3 iguanas
  24 orc wizards
  7 hell rats (Lair:4)
  8 polar bear simulacra (IceCv)
  A troll simulacrum (IceCv)
  2 wolf simulacra (IceCv)
  A mummy (Ossuary)
  5 gnolls (Orc:1)
  2 naga simulacra (IceCv)
  3 adders
  A shadow imp (D:5)
  4 white imps
  2 ufetubi
  An adder zombie (Ossuary)
  A dart slug (D:5)
  87 orcs
  A bat (D:1)
  7 endoplasms
  A giant cockroach (D:2)
  A goblin (D:3)
  4 hobgoblins
  5 jackals
  14 kobolds
  4 quokkas
  6 ball pythons
  2 frilled lizards
  A goblin zombie (D:4)
  10 hobgoblin zombies (Ossuary)
  6 kobold zombies (Ossuary)
  8 orc zombies (Ossuary)
  6 rats
  2 rat zombies (Ossuary)
  2 bushes (Lair:5)
2168 creatures vanquished.

Vanquished Creatures (collateral kills)
  2 ghost moths
  A juggernaut zombie (Depths:1)
  A very ugly thing (Vaults:4)
  An entropy weaver (Spider:4)
  A boulder beetle (Spider:4)
  A pharaoh ant (Spider:4)
  A tengu zombie (Depths:1)
  3 polar bears (Lair:5)
  A blink frog (Lair:2)
  A culicivora (Lair:3)
  3 vampire mosquitoes (D:9)
  A centaur (D:6)
  2 kobold brigands (Sewer)
  2 wights
  A centaur zombie (Ossuary)
  A hound (D:6)
  An iguana (D:6)
  A mummy (Ossuary)
  An ufetubus (D:3)
  An adder zombie (Ossuary)
  5 worms
  A dart slug (D:1)
  4 orcs (D:6)
  4 ball pythons
  A bat (D:1)
  3 endoplasms
  A giant cockroach (D:2)
  6 goblins
  7 hobgoblins
  A jackal (D:3)
  A kobold (D:1)
  3 quokkas
  13 frilled lizards
  A hobgoblin zombie (Ossuary)
  A kobold zombie (Ossuary)
  A quokka zombie (D:4)
  4 rats
84 creatures vanquished.

Vanquished Creatures (others)
  An ironbound preserver (Vaults:3)
  A hydra (Swamp:3)
  3 orc knights (Vaults:2)
  3 bloated husks
  2 water elementals
  A swamp worm (Swamp:1)
  An orc (D:7)
  2 bushes (Lair:5)
  4 demonic plants (Gauntlet)
  4 foxfires
  46 fungi
  A lurking horror (Abyss:2)
  161 plants
230 creatures vanquished.

Grand Total: 2482 creatures vanquished

Notes
Turn   | Place    | Note
-------+----------+-------------------------------------------
     0 | D:1      | Sergey the Gargoyle Hedge Wizard began the quest for the
                  | Orb.
     0 | D:1      | Reached XP level 1. HP: 10/10 MP: 4/4
   480 | D:1      | Reached XP level 2. HP: 16/16 MP: 0/6
   539 | D:1      | Learned a level 2 spell: Call Imp
   542 | D:1      | Learned a level 2 spell: Blink
   623 | D:1      | Reached skill level 1 in Fighting
   634 | D:1      | Reached skill level 1 in Summonings
   813 | D:1      | Found a faded altar of an unknown god.
  1221 | D:1      | Reached XP level 3. HP: 20/20 MP: 2/7
  2754 | D:2      | Noticed Jessica
  3360 | D:2      | Reached XP level 4. HP: 24/26 MP: 4/8
  4125 | D:3      | Identified the +0 scale mail of Ru's Whim {Rampage Int+4}
  5026 | D:3      | Reached skill level 1 in Translocations
  5522 | D:2      | Killed Jessica
  5523 | D:2      | Reached XP level 5. HP: 30/30 MP: 6/9
  5577 | D:2      | Found a runed translucent door.
  5580 | D:2      | Noticed Crazy Yiuf
  5720 | D:4      | Learned a level 3 spell: Conjure Flame
  5830 | D:4      | Found a sand-covered staircase.
  5868 | Ossuary  | Entered an ossuary
  6744 | Ossuary  | Reached XP level 6. HP: 27/36 MP: 3/12
  7474 | Ossuary  | Reached skill level 1 in Fire Magic
  7582 | Ossuary  | Reached XP level 7. HP: 41/41 MP: 3/13
  8534 | D:3      | Found a burning altar of Makhleb.
  8935 | D:3      | Reached XP level 8. HP: 48/48 MP: 0/15
  9155 | D:4      | Found a shimmering altar of Xom.
  9356 | D:4      | Reached skill level 5 in Spellcasting
  9598 | D:5      | Entered Level 5 of the Dungeon
  9647 | D:5      | Found a shadowy altar of Dithmenos.
  9676 | D:5      | Found a stormy altar of Qazlal.
  9680 | D:5      | Noticed an air elemental
  9680 | D:5      | Noticed a water elemental
  9896 | D:5      | Reached skill level 5 in Fighting
  9980 | D:5      | Found a staircase to the Ecumenical Temple.
  9989 | Temple   | Entered the Ecumenical Temple
 10196 | Temple   | Became a worshipper of Sif Muna the Loreminder
 10241 | D:5      | Noticed Pikel
 10397 | D:5      | Noticed Blork the orc
 11068 | D:6      | Found a glowing drain.
 11078 | Sewer    | Entered a sewer
 11481 | Sewer    | Found a glowing silver altar of Zin.
 11530 | D:6      | Reached skill level 1 in Invocations
 11753 | D:6      | Learned a level 3 spell: Mephitic Cloud
 11780 | D:6      | Found Yfig's Magic Scroll Emporium.
 11789 | D:6      | Bought a scroll of blinking for 112 gold pieces
 11789 | D:6      | Bought a scroll of identify for 30 gold pieces
 11790 | D:6      | Bought a scroll of blinking for 112 gold pieces
 11790 | D:6      | Bought a scroll of teleportation for 45 gold pieces
 12324 | D:6      | Noticed a yak
 12453 | D:6      | Killed a yak
 12454 | D:6      | Reached skill level 1 in Maces & Flails
 12454 | D:6      | Reached skill level 1 in Air Magic
 12454 | D:6      | Reached skill level 1 in Poison Magic
 12454 | D:6      | Reached XP level 9. HP: 45/55 MP: 8/18
 13036 | D:7      | Reached * piety under Sif Muna
 13793 | D:7      | Found a sparkling altar of Nemelex Xobeh.
 14165 | D:7      | Reached skill level 5 in Invocations
 14175 | D:7      | Learned a level 5 spell: Freezing Cloud
 14506 | D:7      | Reached skill level 1 in Ice Magic
 14599 | D:7      | Reached XP level 10. HP: 43/60 MP: 8/19
 14717 | D:8      | Reached skill level 2 in Ice Magic
 15030 | D:8      | Found a broken altar of Ashenzari.
 15051 | D:8      | Noticed Erica
 15078 | D:8      | Noticed Maggie
 15124 | D:8      | Killed Maggie
 15125 | D:8      | Reached skill level 5 in Conjurations
 15193 | D:8      | Noticed a two-headed ogre
 15228 | D:8      | Killed a two-headed ogre
 15229 | D:8      | Reached skill level 3 in Ice Magic
 15961 | D:5      | Noticed Menkaure
 15977 | D:5      | Killed Menkaure
 16225 | D:5      | Killed Pikel
 16226 | D:5      | Reached skill level 4 in Ice Magic
 16289 | D:5      | Found a hide-covered altar of Uskayaw.
 16509 | D:5      | Killed Blork the orc
 17135 | D:9      | Reached ** piety under Sif Muna
 17512 | D:9      | Reached skill level 5 in Ice Magic
 17651 | D:9      | Reached skill level 5 in Maces & Flails
 18634 | D:9      | Reached XP level 11. HP: 64/64 MP: 20/20
 18656 | D:10     | Entered Level 10 of the Dungeon
 19449 | D:10     | Found a glowing silver altar of Zin.
 19589 | D:10     | Found a staircase to the Lair.
 19795 | D:10     | Reached skill level 1 in Shields
 20099 | D:11     | Found a glowing golden altar of the Shining One.
 20105 | D:11     | Noticed a two-headed ogre
 20238 | D:10     | Reached skill level 6 in Ice Magic
 20280 | D:11     | Reached skill level 5 in Air Magic
 20287 | D:11     | Noticed a manticore
 20293 | D:11     | Killed a manticore
 20705 | D:11     | Noticed Erolcha
 20705 | D:11     | Noticed a skeletal warrior
 20705 | D:11     | Noticed a skeletal warrior
 20705 | D:11     | Noticed a skeletal warrior
 20705 | D:11     | Noticed a skeletal warrior
 20876 | Lair:1   | Entered Level 1 of the Lair of Beasts
 20880 | Lair:1   | Reached skill level 7 in Ice Magic
 21017 | Lair:1   | Reached *** piety under Sif Muna
 21211 | D:10     | Reached skill level 5 in Shields
 21790 | Lair:1   | Reached XP level 12. HP: 66/70 MP: 18/21
 22297 | Lair:2   | Noticed a six-headed hydra
 22304 | Lair:2   | Killed a six-headed hydra
 22482 | Lair:2   | Found a staircase to the Swamp.
 22509 | Lair:1   | Reached skill level 8 in Ice Magic
 23249 | Lair:2   | You fall into a shaft and drop 1 floor!
 23430 | Lair:3   | Reached skill level 1 in Evocations
 23604 | Lair:3   | Noticed Urug
 23618 | Lair:3   | Killed Urug
 23759 | Lair:3   | Reached skill level 9 in Ice Magic
 24432 | Lair:3   | Found a hole to the Spider Nest.
 24477 | Lair:4   | Reached **** piety under Sif Muna
 24563 | Lair:4   | Noticed a five-headed hydra
 24571 | Lair:4   | Killed a five-headed hydra
 24648 | Lair:4   | Reached XP level 13. HP: 74/74 MP: 19/23
 24663 | Lair:4   | Reached skill level 10 in Ice Magic
 25595 | Lair:5   | Entered Level 5 of the Lair of Beasts
 25770 | Lair:5   | Reached skill level 11 in Ice Magic
 25782 | Lair:5   | Reached ***** piety under Sif Muna
 25867 | Lair:5   | Found a viscous altar of Jiyva.
 25868 | Lair:5   | Found a staircase to the Slime Pits.
 25993 | Lair:5   | Received a gift from Sif Muna
 26082 | Lair:5   | Reached skill level 12 in Ice Magic
 26615 | Lair:5   | Gained mutation: Your large and strong wings let you fly.
                  | [Gargoyle growth]
 26615 | Lair:5   | Reached XP level 14. HP: 82/82 MP: 13/25
 27866 | Lair:5   | Learned a level 7 spell: Ozocubu's Refrigeration
 27870 | Lair:5   | Learned a level 3 spell: Ozocubu's Armour
 28080 | Lair:5   | Reached skill level 13 in Ice Magic
 28232 | Lair:5   | Received a gift from Sif Muna
 29657 | D:11     | Found a portal to a secret trove of treasure.
 29834 | D:12     | Found a frozen archway.
 29842 | IceCv    | Entered an ice cave
 31106 | IceCv    | Found an ancient bone altar of Kikubaaqudgha.
 31437 | IceCv    | Learned a level 3 spell: Stone Arrow
 31772 | IceCv    | Reached skill level 1 in Earth Magic
 32017 | IceCv    | Received a gift from Sif Muna
 32018 | IceCv    | Got Sif Muna's Directory of the Escort and Hurting {god
                  | gift}
 32328 | IceCv    | Identified a scroll of acquirement
 32340 | IceCv    | Acquired 1297 gold pieces
 32840 | IceCv    | Reached skill level 5 in Earth Magic
 33270 | D:12     | Reached XP level 15. HP: 84/91 MP: 23/28
 33569 | D:12     | Reached skill level 14 in Ice Magic
 33637 | D:12     | Reached skill level 10 in Fighting
 34100 | D:12     | Noticed Azrael
 34145 | D:12     | Found a staircase to the Orcish Mines.
 34250 | Orc:1    | Entered Level 1 of the Orcish Mines
 34370 | Orc:1    | Noticed Nergalle
 34647 | Orc:1    | Received a gift from Sif Muna
 34664 | D:12     | Killed Nergalle
 35061 | Orc:2    | Entered Level 2 of the Orcish Mines
 35282 | Orc:1    | Reached skill level 15 in Ice Magic
 36072 | Orc:2    | Found a staircase to the Elven Halls.
 36218 | Orc:2    | Found Jenas's Magic Scroll Shop.
 36218 | Orc:2    | Found Voigat's Weapon Emporium.
 36223 | Orc:2    | Bought a scroll of blinking for 105 gold pieces
 36223 | Orc:2    | Bought a scroll of teleportation for 42 gold pieces
 36223 | Orc:2    | Bought a scroll of teleportation for 42 gold pieces
 36223 | Orc:2    | Bought a scroll of poison for 56 gold pieces
 36223 | Orc:2    | Bought a scroll of poison for 56 gold pieces
 36538 | Orc:2    | Received a gift from Sif Muna
 36539 | Orc:2    | Got Juthulumun's Collected Works on Transmuted Conflict
                  | {god gift}
 36764 | Orc:2    | Found Gejoij's Book Shop.
 36764 | Orc:2    | Found Gyr Nuo's Antique Armour Emporium.
 36779 | Orc:2    | Bought a glowing scarf for 296 gold pieces
 36779 | Orc:2    | Bought an embroidered cloak for 277 gold pieces
 37151 | D:11     | Killed Erolcha
 37578 | D:11     | Reached skill level 16 in Ice Magic
 38423 | D:13     | Acquired 765 gold pieces
 38620 | D:13     | Found a runed translucent door.
 38791 | D:13     | Noticed Josephine
 38797 | D:13     | Killed Josephine
 39153 | D:14     | Reached skill level 10 in Spellcasting
 39153 | D:14     | Reached XP level 16. HP: 100/100 MP: 14/30
 39697 | D:14     | Found a gate to the Vaults.
 39753 | D:14     | Noticed Kirke
 39757 | D:14     | Killed Kirke
 39875 | D:14     | Noticed Jorgrun
 40074 | D:14     | Received a gift from Sif Muna
 40075 | D:14     | Got Sif Muna's Early Guide to the Occult {god gift}
 41404 | D:15     | Entered Level 15 of the Dungeon
 41407 | D:15     | Reached skill level 10 in Invocations
 41428 | D:15     | Found a gate leading to a gauntlet.
 41432 | Gauntlet | Entered a Gauntlet
 41432 | Gauntlet | Found a transporter.
 41448 | Gauntlet | Found a transporter.
 41449 | Gauntlet | Found a transporter.
 41453 | Gauntlet | Found a transporter.
 41457 | Gauntlet | Found a transporter.
 41460 | Gauntlet | Found a transporter.
 41461 | Gauntlet | Found a transporter.
 41473 | Gauntlet | Found a transporter.
 41474 | Gauntlet | Found a transporter.
 41474 | Gauntlet | Found a transporter.
 41480 | Gauntlet | Found a runed translucent gate.
 41480 | Gauntlet | Found a runed translucent gate.
 41481 | Gauntlet | Found a runed translucent gate.
 41482 | Gauntlet | Found a transporter.
 41485 | Gauntlet | Found a transporter.
 41486 | Gauntlet | Found a transporter.
 41497 | Gauntlet | Found a transporter.
 41644 | Gauntlet | Gained mutation: Your spells are a little easier to cast,
                  | but a little less powerful. [a shining eye]
 42883 | D:15     | Reached XP level 17. HP: 89/106 MP: 18/32
 43259 | D:15     | Found a staircase to the Depths.
 44225 | Swamp:1  | Entered Level 1 of the Swamp
 44555 | Swamp:1  | Received a gift from Sif Muna
 44558 | Swamp:1  | Got Sif Muna's Octavo of Spellbinding Blasts {god gift}
 46174 | Swamp:2  | Noticed a tentacled monstrosity
 46186 | Swamp:2  | Killed a tentacled monstrosity
 46687 | Swamp:2  | Got Faysheith's Handbook of Reanimation Made Easy
 47890 | Swamp:4  | Entered Level 4 of the Swamp
 47890 | Swamp:4  | Identified Roxanne's Compendium of Metamorphosis
 47890 | Swamp:4  | Noticed Roxanne
 47910 | Swamp:4  | Noticed Aizul
 47921 | Swamp:3  | Killed Aizul
 48432 | Swamp:4  | Noticed Louise
 48615 | Swamp:4  | Killed Louise
 48955 | Swamp:4  | Received a gift from Sif Muna
 48956 | Swamp:4  | Got Sif Muna's Lessons on Inconstant Beckoning {god gift}
 49411 | Swamp:4  | Reached XP level 18. HP: 116/116 MP: 14/34
 49460 | Swamp:4  | Got a decaying rune of Zot
 49482 | Swamp:4  | Reached skill level 17 in Ice Magic
 49923 | Spider:1 | Entered Level 1 of the Spider Nest
 50494 | Spider:1 | You are sucked into a shaft and drop 1 floor!
 50629 | Spider:2 | Noticed Arachne
 50639 | Spider:2 | Killed Arachne
 50640 | Spider:2 | Reached skill level 18 in Ice Magic
 50665 | Spider:2 | Reached skill level 1 in Armour
 51068 | Spider:2 | Found a runed translucent door.
 51475 | Spider:2 | Found a shimmering altar of Xom.
 51475 | Spider:2 | Noticed Ofeolo's ghost (adept VSAM)
 53155 | Spider:3 | Received a gift from Sif Muna
 53156 | Spider:3 | Got Reggidd's Spellbook of Enchantment {god gift}
 53280 | Spider:4 | Entered Level 4 of the Spider Nest
 53641 | Spider:4 | Reached XP level 19. HP: 121/121 MP: 22/36
 53851 | Spider:4 | Reached skill level 19 in Ice Magic
 54237 | Spider:4 | Learned a level 5 spell: Irradiate
 54816 | Spider:4 | Got a gossamer rune of Zot
 54853 | Spider:4 | Identified the +0 pair of boots of Shielding {+Blink}
 55414 | Elf:1    | Entered Level 1 of the Elven Halls
 55607 | Elf:1    | Learned a level 9 spell: Polar Vortex
 55815 | Abyss:2  | Cast into level 2 of the Abyss (a deep elf demonologist)
 55836 | Abyss:2  | Paralysed by you for 5 turns
 55909 | Abyss:2  | Noticed an ancient lich
 55975 | Abyss:2  | Noticed a dread lich
 55981 | Abyss:2  | Found a corrupted altar of Lugonu.
 56021 | Abyss:2  | Reached skill level 1 in Transmutations
 56056 | Elf:1    | Escaped the Abyss
 56408 | Elf:1    | Found a bloodstained altar of Trog.
 56409 | Elf:1    | Noticed Nuiffe Xitzo's ghost (journeyman DrEE)
 56436 | Elf:1    | Found a transporter.
 56441 | Elf:1    | Found a transporter.
 56697 | Elf:1    | Identified the +9 arbalest "Ofirethi" {vorpal, Contam rF+
                  | rC+ Str+2}
 56697 | Elf:1    | Identified the +2 leather armour "Ocuk" {rC++ Int+4}
 56784 | Elf:1    | Found a runed translucent gate.
 56784 | Elf:1    | Found a runed translucent gate.
 56784 | Elf:1    | Found a runed translucent gate.
 56784 | Elf:1    | Found a runed translucent gate.
 56784 | Elf:1    | Found a runed translucent gate.
 56785 | Elf:1    | Found a runed translucent gate.
 57540 | Elf:2    | Learned a level 6 spell: Iron Shot
 57725 | Elf:2    | Reached skill level 10 in Conjurations
 57743 | Elf:2    | Found a runed translucent gate.
 57743 | Elf:2    | Found a runed translucent gate.
 57752 | Elf:2    | Found a runed translucent gate.
 57783 | Elf:2    | Found a runed translucent gate.
 57783 | Elf:2    | Found a runed translucent gate.
 57783 | Elf:2    | Found a runed translucent gate.
 57784 | Elf:2    | Noticed sastreii's ghost (adept VSFi)
 57785 | Elf:2    | Noticed ZodNigurash's ghost (adept GrEE)
 58007 | Elf:3    | Entered Level 3 of the Elven Halls
 58320 | Elf:3    | Reached XP level 20. HP: 127/127 MP: 18/38
 58339 | Elf:3    | Reached skill level 20 in Ice Magic
 58430 | Elf:3    | Found Ivyereust's Antique Armour Shoppe.
 58516 | Elf:3    | Bought a bronze ring mail for 216 gold pieces
 58516 | Elf:3    | Identified the +2 ring mail of Qazlal's Inspiration {rC++}
                  | (You bought it in a shop on level 3 of the Elven Halls)
 58571 | Elf:3    | Reached skill level 15 in Spellcasting
 58808 | Elf:3    | Reached skill level 5 in Transmutations
 59533 | Elf:3    | Identified the +6 falchion of the Lame Duck {freeze, Dex+3}
 59548 | Elf:3    | Identified the +7 halberd "Magruw" {spect, Fragile rPois
                  | Stlth+}
 59684 | Elf:3    | Identified the +9 morningstar of Untimely Demise {vorpal,
                  | rF+ rN+}
 59692 | Elf:3    | Identified the +7 quarterstaff of Qozo Eni {vorpal, rCorr}
 59695 | Elf:3    | Reached skill level 10 in Earth Magic
 59713 | Elf:3    | Noticed a Brimstone Fiend
 59715 | Elf:3    | Noticed a Tzitzimitl
 60163 | Elf:3    | Got the Volume of Necromancy and the Chill
 60407 | D:12     | Killed Azrael
 60563 | Vaults:1 | Entered Level 1 of the Vaults
 60681 | Vaults:1 | Noticed Zenata
 60691 | Vaults:1 | Killed Zenata
 60692 | Vaults:1 | Reached skill level 5 in Armour
 62217 | Vaults:2 | Reached XP level 21. HP: 132/132 MP: 13/40
 62218 | Vaults:2 | Received a gift from Sif Muna
 62221 | Vaults:2 | Got Sif Muna's Anthology of Shocking Snow {god gift}
 63211 | Vaults:2 | Found a gateway to a bazaar.
 63366 | Vaults:2 | Reached skill level 15 in Fighting
 64138 | Vaults:2 | Reached skill level 5 in Dodging
 64198 | Vaults:2 | Reached skill level 10 in Armour
 64285 | Vaults:2 | Received a gift from Sif Muna
 64286 | Vaults:2 | Got Sif Muna's Anthology of the Fetid Lungs {god gift}
 64583 | Elf:3    | Bought a pair of embroidered gloves for 180 gold pieces
 64583 | Elf:3    | Bought a pair of embroidered gloves for 180 gold pieces
 65047 | Bazaar   | Entered a bazaar
 65053 | Bazaar   | Found Dapo's Armour Boutique.
 65075 | Bazaar   | Found Cukhladur's Jewellery Emporium.
 65096 | Bazaar   | Found Usamis's General Store.
 65116 | Bazaar   | Found Jyvietye's Antique Armour Shoppe.
 65122 | Bazaar   | Bought a runed scarf for 144 gold pieces
 65175 | Bazaar   | Bought a ring of protection from fire for 400 gold pieces
 65175 | Bazaar   | Bought a ring of resist corrosion for 320 gold pieces
 65796 | Vaults:3 | Noticed Donald
 65800 | Vaults:3 | Killed Donald
 66777 | Vaults:3 | Found a staircase to the Crypt.
 66777 | Vaults:3 | Found an ancient bone altar of Kikubaaqudgha.
 66777 | Vaults:3 | Found a basalt altar of Yredelemnul.
 66780 | Vaults:3 | Reached skill level 21 in Ice Magic
 66859 | Vaults:3 | Reached XP level 22. HP: 141/141 MP: 14/41
 68094 | Slime:1  | Entered Level 1 of the Pits of Slime
 68215 | Slime:2  | Gained mutation: Your spells are easier to cast, but less
                  | powerful. [a shining eye]
 68268 | Slime:2  | Lost mutation: Your spells are easier to cast, but less
                  | powerful. [potion of mutation]
 68268 | Slime:2  | Lost mutation: Your spells are a little easier to cast, but
                  | a little less powerful. [potion of mutation]
 68268 | Slime:2  | Gained mutation: Your mind is acute. (Int +4, Str/Dex -1)
                  | [potion of mutation]
 68268 | Slime:2  | Gained mutation: Armour fits poorly on your strangely
                  | shaped body. [potion of mutation]
 68268 | Slime:2  | Gained mutation: You are agile. (Dex +4, Str/Int -1)
                  | [potion of mutation]
 68268 | Slime:2  | Gained mutation: You are partially covered in iridescent
                  | scales. (AC +2) [potion of mutation]
 68468 | Slime:5  | Entered Level 5 of the Pits of Slime
 68484 | Slime:5  | Lost mutation: Your mind is acute. (Int +4, Str/Dex -1) [a
                  | shining eye]
 68492 | Slime:5  | Noticed the Royal Jelly
 68508 | Slime:5  | Killed the Royal Jelly
 68660 | Slime:5  | Found the +5 scythe "Finisher" {speed, eviscerate}
 68660 | Slime:5  | Found the +10 morningstar "Eos" {elec, Halo rElec}
 68665 | Slime:5  | Identified the ring "Wurph" {Ice rN++ Will- Str+5}
 68687 | Slime:5  | Got Sif Muna's Almanac of Glamour and Permutations
 68712 | Slime:5  | Identified the +2 glaive "Moekluw" {drain, Str+3 SInv}
 68722 | Slime:5  | Identified the +8 war axe of Husmaek {spect, rF++ Str+2
                  | Int-5 Dex+3}
 68761 | Slime:5  | Got a slimy rune of Zot
 68779 | Slime:5  | Got the Anthology of Variable Invitation
 69354 | Vaults:4 | Found Ochef's Weapon Emporium.
 69713 | Vaults:4 | Received a gift from Sif Muna
 69983 | Vaults:4 | Noticed a dread lich
 70709 | Vaults:4 | Reached skill level 5 in Evocations
 70909 | Vaults:4 | Found Unutwew's Book Shop.
 71700 | Vaults:4 | Found Semag's Magic Scroll Shop.
 71707 | Vaults:4 | Bought a scroll of blinking for 135 gold pieces
 71707 | Vaults:4 | Bought a scroll of magic mapping for 135 gold pieces
 71707 | Vaults:4 | Bought a scroll of teleportation for 54 gold pieces
 71707 | Vaults:4 | Bought a scroll of teleportation for 54 gold pieces
 71707 | Vaults:4 | Bought a scroll of teleportation for 54 gold pieces
 71707 | Vaults:4 | Bought a scroll of teleportation for 54 gold pieces
 71754 | Vaults:4 | Found a transporter.
 71754 | Vaults:4 | Found a transporter.
 71757 | Vaults:4 | Found the +8 arc blade {discharge, rElec}
 71770 | Vaults:4 | Found a transporter.
 71772 | Vaults:4 | Found a transporter.
 71788 | Vaults:4 | Found a transporter.
 71939 | Vaults:4 | Reached skill level 22 in Ice Magic
 71941 | Vaults:4 | Reached XP level 23. HP: 147/147 MP: 36/42
 71968 | Vaults:4 | Identified the ring "Cetole" {Fly rPois rN+ Str-4}
 71985 | Vaults:4 | Identified the ring of Juexur {Str+6 Dex+4}
 72061 | Vaults:5 | Entered Level 5 of the Vaults
 72475 | Vaults:5 | Reached skill level 15 in Invocations
 72650 | Vaults:5 | Noticed a golden dragon
 72658 | Vaults:5 | Killed a golden dragon
 72776 | Vaults:5 | Identified the +6 chain mail of Tuott {rPois rN+ Dex+3}
 73785 | Vaults:5 | Got a silver rune of Zot
 73967 | Vaults:5 | Noticed a dread lich
 73996 | Vaults:5 | Identified the ring "Wynlifoh" {*Slow rPois rC+ rCorr
                  | Int+3}
 74393 | Vaults:5 | Identified the ring "Baxan" {rElec rF- rN+ EV+4 Int+6}
 74427 | Vaults:5 | Identified the +1 great sword of the Spheres {chaos, rCorr
                  | Str+2}
 74559 | Vaults:5 | Noticed an ancient lich
 74672 | Vaults:5 | Identified the ring "Amacvaq" {Ice Int+2}
 74735 | Vaults:5 | Identified the +1 quarterstaff of Efyiq {vorpal, Dex+7}
 74853 | Vaults:5 | Killed a dread lich
 74942 | Vaults:5 | Found the +6 lightning scales {swift, rElec}
 74944 | Vaults:5 | Identified the +7 dagger "Puckak" {spect, Dex+4}
 75259 | Vaults:5 | Reached XP level 24. HP: 117/152 MP: 7/42
 75558 | Vaults:5 | Got the Directory of the Inferno
 75938 | Vaults:5 | Found the +1 cloak of Starlight {*Dazzle EV+4 Stlth--}
 75940 | Vaults:5 | Found the +8 lance "Wyrmbane" {slay drac, rPois rF+ rC+
                  | AC+3}
 75987 | Vaults:5 | Identified the +4 dagger "Brush" {venom, rN+ Str-2 Int+2}
 76336 | Depths:1 | Entered Level 1 of the Depths
 76408 | Depths:1 | Found a one-way gateway to a ziggurat.
 76896 | Depths:1 | Identified the +5 scale mail of Trial and Error {+Inv rElec
                  | rPois Stlth-}
 77038 | Depths:1 | Reached skill level 1 in Polearms
 77202 | Depths:1 | Found a one-way gate leading to the halls of Pandemonium.
 77421 | Depths:1 | Found a gateway to Hell.
 77924 | Depths:2 | Found a hide-covered altar of Uskayaw.
 77981 | Depths:2 | Received a gift from Sif Muna
 78010 | Depths:2 | Reached skill level 5 in Polearms
 78029 | Depths:2 | Found a magical portal.
 78041 | WizLab   | Entered Wucad Mu's Monastery
 78932 | Depths:2 | Got Sif Muna's Volume of Forceful Beckoning {god gift}
 80136 | Depths:2 | Lost mutation: You are agile. (Dex +4, Str/Int -1) [a
                  | shining eye]
 80177 | Depths:2 | Reached skill level 23 in Ice Magic
 80359 | Depths:2 | Gained mutation: Your spells are a little harder to cast,
                  | but a little more powerful. [a shining eye]
 80894 | Depths:3 | Received a gift from Sif Muna
 80955 | Depths:3 | Got Sif Muna's Spellbook of Terra Firma and Glaciation {god
                  | gift}
 81258 | Depths:3 | Noticed Boris
 81556 | Depths:2 | Killed Boris
 82096 | Depths:3 | Found a one-way gate to the infinite horrors of the Abyss.
 82312 | Depths:3 | Noticed the Enchantress
 82315 | Depths:3 | Killed the Enchantress
 82316 | Depths:3 | Reached XP level 25. HP: 157/157 MP: 17/42
 82690 | Depths:3 | Found Plog's Superior Scales.
 82963 | Depths:3 | Reached skill level 24 in Ice Magic
 83680 | Depths:4 | Entered Level 4 of the Depths
 83686 | Depths:4 | Noticed Boris
 83692 | Depths:4 | Killed Boris
 84467 | Depths:4 | Received a gift from Sif Muna
 84468 | Depths:4 | Got Sif Muna's Anthology of the Welkin {god gift}
 84876 | Depths:4 | Identified the +7 glaive of Saltpetre {freeze, rElec rPois
                  | rF+ Str-2}
 85005 | Depths:4 | Reached skill level 25 in Ice Magic
 85255 | Depths:4 | Found a gate to the Realm of Zot.
 85505 | Depths:4 | Noticed Frederick
 85514 | Depths:4 | Killed Frederick
 85749 | Zot:1    | Entered Level 1 of the Realm of Zot
 85753 | Zot:1    | Acquired 332 gold pieces
 85794 | Zot:1    | Found a transporter.
 86296 | Zot:5    | Entered Level 5 of the Realm of Zot
 86564 | Zot:5    | Noticed a dread lich
 86572 | Zot:5    | Killed a dread lich
 86867 | Zot:5    | Noticed a Killer Klown
 86875 | Zot:5    | Killed a Killer Klown
 87634 | Zot:5    | Reached skill level 15 in Armour
 88250 | Zot:5    | Noticed an orb of fire
 88449 | Zot:5    | Noticed an orb of fire
 88451 | Zot:5    | Gained mutation: You are clumsy. (Dex -2) [an orb of fire]
 88464 | Zot:5    | Killed an orb of fire
 88516 | Zot:5    | Noticed a Killer Klown
 88624 | Zot:5    | Killed a Killer Klown
 88785 | Depths:2 | Reached XP level 26. HP: 93/168 MP: 11/42
 89083 | Elf:2    | Killed ZodNigurash's ghost
 89084 | Elf:2    | Killed sastreii's ghost
 89741 | Depths:2 | Identified the ring "Sukk" {Ice rCorr Dex+2}
 89946 | Zot:5    | Killed an orb of fire
 90093 | Zot:5    | Noticed a Killer Klown
 90099 | Zot:5    | Killed a Killer Klown
 90259 | Zot:5    | Noticed a Killer Klown
 90275 | Zot:5    | Killed a Killer Klown
 90516 | Zot:5    | Noticed an ancient lich
 90524 | Zot:5    | Killed an ancient lich
 90777 | Zot:5    | Noticed an ancient lich
 90782 | Zot:5    | Noticed a Killer Klown
 90783 | Zot:5    | Noticed a Killer Klown
 90784 | Zot:5    | Noticed a Killer Klown
 90785 | Zot:5    | Killed an ancient lich
 91154 | Zot:5    | Killed a Killer Klown
 91154 | Zot:5    | Killed a Killer Klown
 91396 | Zot:5    | Killed a Killer Klown
 91582 | Zot:5    | Reached skill level 26 in Ice Magic
 91610 | Zot:5    | Learned a level 5 spell: Lee's Rapid Deconstruction
 92137 | Zot:5    | Noticed a dread lich
 92157 | Zot:5    | Killed a dread lich
 93091 | Zot:5    | Got the Orb of Zot
 93146 | Zot:3    | Noticed Radoss the pandemonium lord
 93767 | D:$      | Escaped with the Orb!

Illustrated notes

Levels and vault maps discovered:
D:1:      tarquinn_simple_flora_water_a, layout_basic,
          ebering_ecumenical_altar_box, st_stairs_4
D:2:      layout_basic, st_stairs_2, minmay_misc_feat_encased,
          uniq_crazy_yiuf_cottage, uniq_jessica
D:3:      layout_basic, demons_altar, minmay_lizard_king
D:4:      layout_rooms, lemuel_round_altar, enter_ossuary_4,
          minmay_close_crescents
D:5:      layout_loops_ring, nicolae_qazlal_style_of_elements,
          kennysheep_little_box, grunt_dithmenos_smoke, temple_statues,
          serial_bayou_ford_a, uniq_pikel, uniq_blork_the_orc, uniq_menkaure
D:6:      layout_gridville, cheibrodos_sewer_entry_drain, serial_shops,
          nicolae_lakefront_shop
D:7:      layout_loops_ring, mainiacjoe_overflow_cross_hatched, st_stairs_5,
          solitary_fountain, kennysheep_nondescript
D:8:      layout_cave_pools, nicolae_ashenzari_panopticon, uniq_maggie,
          uniq_erica
D:9:      layout_grid_maze
D:10:     lemuel_ice_statue, layout_cave_pools, zin_statuary, dpeg_oklobed_lair,
          hive_lemuel
D:11:     layout_rooms, enter_trove_0, tso_metal_star, uniq_erolcha
D:12:     layout_loops_ring, erik_orc_2, portal_ice_cave_entry_pillars_2,
          uniq_azrael
D:13:     layout_small_grid, minmay_crystal_box, uniq_josephine
D:14:     minmay_big_diamond_grid, layout_long_grid, erik_vaults_2,
          minmay_misc_feat_plants, uniq_kirke, uniq_rupert, uniq_jorgrun
D:15:     grunt_enter_depths_hoard, layout_layer_cave, gauntlet_entry_generic,
          minmay_tree_intersection, st_stairs_1
Temple:   nicolae_temple_bog_church
Lair:1:   layout_misc_corridors, infiniplex_staircase_pool
Lair:2:   minmay_lair_oklob_chamber, layout_layer_cave, minmay_swamp_entry_eels
Lair:3:   layout_cave_pods, spider_nest_entry_funnel_web, uniq_urug
Lair:4:   layout_hall_layers, special_room [special_room_mythical_zoo]
Lair:5:   hangedman_lair_caniforms_friends, layout_regular_city,
          hangedman_lair_tendril_chambers, minmay_slime_entry_pillars,
          worms_lemuel
Swamp:1:  layout_falls_marsh, serial_swamp_ruin, evilmike_swamp_ruin_house_2,
          evilmike_swamp_ruin_rubble_1, evilmike_swamp_ruin_house_6,
          infiniplex_staircase_pool_2
Swamp:2:  layout_falls_marsh, nicolae_swamp_well_well_well, swamp_pool4,
          nicolae_swamp_necromancy_gone_wrong
Swamp:3:  layout_basic_swamp, evilmike_swamp_ruin_house_1,
          nicolae_swamp_feature_on_the_river_bank
Swamp:4:  swamp_basic_johnstein, layout_basic_swamp, uniq_louise, uniq_aizul,
          uniq_roxanne
Spider:1: layout_chambers, beargit_elvish_explorers
Spider:2: layout_spider_delve, ebering_ghost_xom, drop_trap,
          nicolae_spider_scorpion_nest, uniq_arachne
Spider:3: layout_spider_delve
Spider:4: hellmonk_spider_rune_bug_friends, hangedman_spider_tarantella_strand
Slime:1:  layout_caves
Slime:2:  layout_caves
Slime:3:  layout_caves
Slime:4:  layout_caves, nicolae_slime_barrier
Slime:5
Orc:1:    layout_caves, uniq_nergalle
Orc:2:    st_orc_town, layout_diamond_mine, nicolae_orc_stony_grotto
Elf:1:    minmay_elf_arrival_plus, layout_onion_city,
          gammafunk_ghost_wrathful_warriors, orc_legates
Elf:2:    elven_hall_of_blades_hangedman_original
          [nicolae_blade_entry_pointy_end], layout_gridlike,
          gammafunk_ghost_cemetery
Elf:3:    minmay_elf_hall_x, layout_loops_ring, serial_shops, shop_fountains
Vaults:1: v_misc_30, nicolae_vaults_ring_of_whatevers,
          nicolae_vaults_border_crossing, nicolae_vaults_little_squares_3,
          nicolae_vaults_little_squares_1, v_misc_29, layout_vaults_quadrants,
          uniq_zenata
Vaults:2: v_misc_18, nicolae_vaults_rhombus_5, hangedman_vaults_trim,
          nicolae_vaults_three_branches, vaults_room_octagon, v_misc_30,
          hangedman_vaults_river_flow, nicolae_vaults_rhombus_5, v_misc_1,
          ontoclasm_vaults_ring_large, serial_ice_b, layout_vaults_omnicross,
          serial_shops, freezing_bzr
Vaults:3: minmay_crypt_entry_necro_gods, nicolae_vaults_twisting_passages,
          v_pattern_5, nicolae_vaults_angled_halls, vaults_room_fours,
          nicolae_vaults_little_squares_1, nicolae_vaults_little_squares_6,
          hangedman_vaults_trim, v_misc_9, vaults_mumra_chevron,
          layout_vaults_chaotic_city, uniq_donald
Vaults:4: gammafunk_the_bubble [the_bubble_gammafunk_roulette],
          ontoclasm_vaults_idyll, hangedman_vaults_cutoff,
          nicolae_vaults_mini_display_case, ontoclasm_vaults_eye,
          nicolae_vaults_network_quincunx
          [nicolae_vaults_network_quincunx_subvault,
          nicolae_vaults_network_quincunx_subvault,
          nicolae_vaults_network_quincunx_subvault,
          nicolae_vaults_network_quincunx_subvault,
          nicolae_vaults_network_quincunx_subvault],
          nicolae_vaults_network_star, v_misc_27, vaults_room_semicircle,
          nicolae_vaults_rhombus_6, nicolae_vaults_specimen_jars,
          layout_vaults_omnibox, serial_shops, shop, shop, nicolae_shop_stone,
          uniq_margery
Vaults:5: serial_shops
Depths:1: layout_cave_shapes, enter_ziggurat_c, pan_entry, hell_entry,
          bh_walls_and_bars, serial_bayou_lake_a
Depths:2: regret_index_uskayaw_diablada_macabre, layout_cave_shapes,
          rand_demon_pan_entry_3, mu_enter_wizlab_1, special_room
          [special_room_jelly], pf_hell_entry_tar_spiral, minivault_14,
          grunt_decor_resistance, evilmike_ambush [evilmike_ambush_outer_basic,
          evilmike_ambush_inner_basic]
Depths:3: dpeg_oklob_gauntlet, layout_gridlike, hell_entry,
          minmay_strange_pillars, abyss_entry, pan_entry, reono_crystal_passage,
          hellmonk_scale_shop, infiniplex_staircase_zigzag_1, uniq_boris,
          uniq_josephina, uniq_enchantress
Depths:4: evilmike_zot_entry_basic, layout_gridlike, nicolae_wwwww, hell_entry,
          dk_noncrumbling_2, uniq_frederick
Zot:1:    gammafunk_its_a_trap, layout_twisted_circle,
          nicolae_transporter_circle
Zot:2:    kennysheep_six_static_rooms, layout_basic, uniq_vv
Zot:3:    layout_cellular_growth
Zot:4:    layout_gridville, hangedman_zot_decor_checkerboard
Zot:5:    layout_misc_corridors, st_stairs_14, skrybe_zot_glass_1

Skill      XL: |  1  2  3  4  5  6  7  8  9 10 11 12 13 14 15 16 17 18 19 20 21 22 23 24 25 26 |
---------------+-------------------------------------------------------------------------------+-----
Conjurations   | 2 3 4 6 7 8 9 10 12 | 12.0
Fighting       | 1 2 3 4 6 7 9 11 12 13 14 15 16 17 19 | 19.5
Summonings     | 1 2 3 |  3.0
Translocations | 1 2 3 |  3.0
Spellcasting   | 4 6 7 9 10 11 12 13 14 15 16 | 16.0
Fire Magic     | 1 3 |  3.0
Invocations    | 2 5 6 11 12 14 15 | 15.0
Maces & Flails | 1 4 5 6 7 8 |  8.9
Air Magic      | 1 2 4 6 7 8 |  8.0
Poison Magic   | 1 3 |  3.0
Ice Magic      | 1 5 7 9 12 13 16 18 19 20 21 22 23 25 26 | 26.0
Shields        | 5 6 9 |  9.0
Evocations     | 2 4 5 7 8 |  8.0
Earth Magic    | 5 6 10 12 | 12.0
Armour         | 4 7 10 12 14 15 | 15.0
Transmutations | 3 6 |  6.0
Dodging        | 3 6 8 |  8.0
Polearms       | 8 |  8.0
Stealth        | |  2.1

Action                   |  1- 3 |  4- 6 |  7- 9 | 10-12 | 13-15 | 16-18 | 19-21 | 22-24 | 25-27 || total
-------------------------+-------+-------+-------+-------+-------+-------+-------+-------+-------++-------
Melee: Dagger            |     4 |       |       |       |       |       |       |       |       ||     4
       Short sword       |    13 |       |       |       |       |       |       |       |       ||    13
       Morningstar       |       |    60 |   234 |   406 |   342 |    10 |    18 |    30 |       ||  1100
       Punch             |       |     3 |     6 |     1 |       |       |       |       |       ||    10
       Staff             |       |       |       |       |       |       |     1 |       |       ||     1
       Lance             |       |       |       |       |       |       |       |   217 |   130 ||   347
Throw: Dart              |       |       |    15 |       |       |       |       |       |       ||    15
       Throwing net      |       |       |       |       |       |       |     1 |       |       ||     1
 Cast: Magic Dart        |    39 |   122 |   185 |   162 |    43 |       |       |       |       ||   551
       Call Imp          |    59 |    48 |    47 |    23 |    15 |     2 |       |     1 |       ||   195
       Conjure Flame     |       |     5 |    16 |     2 |    35 |       |       |       |       ||    58
       Mephitic Cloud    |       |       |    23 |    53 |     8 |       |       |       |       ||    84
       Blink             |       |       |       |     3 |    16 |     2 |     2 |     4 |       ||    27
       Freezing Cloud    |       |       |       |    65 |   301 |     3 |       |       |       ||   369
       Stone Arrow       |       |       |       |       |   260 |    52 |    29 |     8 |       ||   349
       Ozocubu's Armour  |       |       |       |       |    14 |       |       |       |       ||    14
       Polar Vortex      |       |       |       |       |     1 |     2 |     1 |     2 |    39 ||    45
       Ozocubu's Refrige |       |       |       |       |    46 |   601 |   568 |   470 |   165 ||  1850
       Irradiate         |       |       |       |       |       |       |    12 |    23 |     5 ||    40
       Iron Shot         |       |       |       |       |       |       |    41 |   160 |   111 ||   312
       Lee's Rapid Decon |       |       |       |       |       |       |       |       |     2 ||     2
Invok: Channel Magic     |       |       |       |     1 |     5 |    15 |    35 |    30 |    14 ||   100
       Divine Exegesis   |       |       |       |       |     1 |     2 |     1 |     2 |       ||     6
Evoke: Wand              |       |       |       |    37 |    22 |     2 |     1 |       |       ||    62
       Tin of tremorston |       |       |       |     1 |     4 |       |     2 |       |       ||     7
       Box of beasts     |       |       |       |       |     3 |     2 |     1 |     3 |       ||     9
       Lightning rod     |       |       |       |       |       |       |     7 |       |       ||     7
       Condenser vane    |       |       |       |       |       |       |       |     3 |       ||     3
       Phial of floods   |       |       |       |       |       |       |       |       |     1 ||     1
  Use: Potion            |     1 |       |     1 |     3 |    10 |     1 |     7 |     7 |     8 ||    38
       Scroll            |     3 |     3 |     9 |    13 |    14 |    10 |     7 |     8 |    13 ||    80
 Stab: Sleeping          |     1 |       |       |       |       |       |       |       |       ||     1
       Distracted        |       |     1 |       |       |       |       |       |       |       ||     1
       Confused          |       |       |     8 |    24 |     6 |       |       |       |       ||    38
       Invisible         |       |       |       |       |       |       |       |    15 |       ||    15
Armor: Robe              |    17 |    23 |       |       |   141 |   123 |    99 |       |       ||   403
       Leather armour    |       |    39 |   128 |   293 |   142 |       |       |       |       ||   602
       Steam dragon scal |       |       |     7 |    13 |       |       |       |       |       ||    20
       Ring mail         |       |       |       |       |    40 |     1 |    25 |       |       ||    66
       Quicksilver drago |       |       |       |       |       |       |    50 |   333 |   160 ||   543
Dodge: Dodged            |    19 |    58 |   158 |   268 |   264 |    60 |    71 |   350 |   138 ||  1386
Block: Other             |       |    14 |    61 |     6 |       |       |       |       |       ||    81
       Reflection        |       |       |     5 |     3 |     5 |     3 |       |       |       ||    16
       Buckler           |       |       |       |    87 |   187 |    39 |    46 |   145 |    62 ||   566

Table legend: (Time is in decaauts)
 A = Elapsed time spent in this place.
 B = Non-inter-level travel time spent in this place.
 C = Inter-level travel time spent in this place.
 D = Time resting spent in this place.
 E = Time spent auto-exploring this place.
 F = Levels seen in this place.
 G = Mean time per level.
                   A        B        C        D        E       F      G
               +--------+--------+--------+--------+--------+-----+--------+
         Total |  94295 |  86324 |   7971 |  12694 |  55471 |  60 | 1571.6 |
       Dungeon |  28697 |  24921 |   3776 |   4760 |  12725 |  15 | 1913.1 |
        Temple |    228 |    191 |     37 |      0 |    177 |   1 |  228.0 |
          Lair |   9387 |   8305 |   1082 |    694 |   6067 |   5 | 1877.4 |
         Swamp |   5320 |   5106 |    214 |    446 |   4021 |   4 | 1330.0 |
   Spider Nest |   5296 |   4982 |    314 |    100 |   4211 |   4 | 1324.0 |
    Slime Pits |    730 |    675 |     55 |    374 |      0 |   5 |  146.0 |
  Orcish Mines |   2822 |   2335 |    487 |    139 |   1663 |   2 | 1411.0 |
   Elven Halls |   4959 |   4656 |    303 |    305 |   3581 |   3 | 1653.0 |
        Vaults |  13850 |  13043 |    807 |    569 |  10781 |   5 | 2770.0 |
        Depths |   9757 |   9280 |    477 |    385 |   7762 |   4 | 2439.2 |
           Zot |   6280 |   5867 |    413 |   2437 |   2465 |   5 | 1256.0 |
         Abyss |    210 |    210 |      0 |      0 |     17 |   1 |  210.0 |
        Bazaar |    155 |    155 |      0 |      0 |     86 |   1 |  155.0 |
         Sewer |    497 |    497 |      0 |     76 |    290 |   1 |  497.0 |
       Ossuary |   2070 |   2070 |      0 |    867 |    597 |   1 | 2070.0 |
      Ice Cave |   3185 |   3185 |      0 |   1406 |    578 |   1 | 3185.0 |
        Wizlab |    221 |    221 |      0 |      0 |    108 |   1 |  221.0 |
      Gauntlet |    624 |    624 |      0 |    135 |    339 |   1 |  624.0 |
               +--------+--------+--------+--------+--------+-----+--------+

Top non-repeatable levels by time:
   Zot:5: 5071 daAuts
Vaults:5: 3630 daAuts
  Lair:5: 3250 daAuts
Depths:2: 3200 daAuts
   IceCv: 3185 daAuts
Vaults:4: 3169 daAuts
    D:14: 2897 daAuts
     D:3: 2874 daAuts
Depths:3: 2610 daAuts
Vaults:3: 2610 daAuts
Vaults:2: 2525 daAuts
    D:12: 2432 daAuts
     D:2: 2384 daAuts
   Elf:3: 2339 daAuts
  Lair:2: 2324 daAuts
